 Dungeon Crawl Stone Soup version 0.21.1-1-g345015fe64 (webtiles) character file.

81 Goboxel the Slasher (level 4, -8/34 HPs)
             Began as a Demonspawn Gladiator on May 8, 2018.
             Mangled by yann's ghost (11 damage)
             ... on level 3 of the Dungeon.
             The game lasted 00:02:44 (2010 turns).

Goboxel the Slasher (Demonspawn Gladiator)          Turns: 2010, Time: 00:02:45

Health: -8/34      AC:  6    Str: 14    XL:     4   Next: 19%
Magic:  4/4        EV: 13    Int:  9    God:
Gold:   95         SH:  0    Dex: 16    Spells: 3/3 levels left

rFire    + . .     SeeInvis .   a - +0 long sword
rCold    . . .     Gourm    .   (no shield)
rNeg     . . .     Faith    .   b - +0 leather armour
rPois    .         Spirit   .   c - +0 helmet
rElec    .         Reflect  .   (no cloak)
rCorr    .         Harm     .   (no gloves)
MR       .....                  (no boots)
Stlth    +.........             (no amulet)
HPRegen  0.11/turn              (no ring)
MPRegen  0.09/turn              (no ring)

@: flying, hasted, very quick
A: hooves 1, icy blue scales 1, fire resistance 1
a: no special abilities


You were on level 3 of the Dungeon.
You were not hungry.

You visited 1 branch of the dungeon, and saw 3 of its levels.

You collected 95 gold pieces.

Inventory:

Hand Weapons
 a - a +0 long sword (weapon)
Missiles
 d - 3 throwing nets (quivered)
Armour
 b - a +0 leather armour (worn)
 c - a +0 helmet (worn)
Jewellery
 j - an uncursed amulet of guardian spirit {unknown}
 l - an uncursed ring of positive energy {unknown}
Wands
 k - a wand of flame (18)
Scrolls
 e - 4 scrolls of identify {unknown}
 g - a scroll of random uselessness {unknown}
 h - a scroll of enchant weapon {unknown}
 i - 4 scrolls of teleportation {unknown}
 n - a scroll of noise {unknown}
 p - a scroll of remove curse {unknown}
 r - a scroll of enchant armour {unknown}
Comestibles
 f - 4 rations


   Skills:
 + Level 2.8 Fighting
 + Level 3.7 Long Blades
 - Level 1.7 Throwing
 + Level 3.2 Dodging


You had 3 spell levels left.
You didn't know any spells.

Dungeon Overview and Level Annotations

Branches:
Dungeon (3/15)

Altars:

Annotations:
D:3 yann's ghost, amateur MiFi


Innate Abilities, Weirdness & Mutations

You have large cloven feet.
You are partially covered in icy blue scales. (AC +2)
Your flesh is heat resistant. (rF+)


Message History

You kick yann's ghost, but do no damage.
Yann's ghost is heavily damaged.
Yann's ghost hits you but does no damage.
You barely miss yann's ghost.
You kick yann's ghost, but do no damage.
Yann's ghost is heavily damaged.
Yann's ghost hits you but does no damage.
You barely miss yann's ghost. Your kick misses yann's ghost.
Yann's ghost is heavily damaged.
Yann's ghost hits you!
You hit yann's ghost but do no damage. Your kick misses yann's ghost.
Yann's ghost is heavily damaged.
You hit yann's ghost but do no damage.
Yann's ghost is heavily damaged.
Yann's ghost hits you!
* * * LOW HITPOINT WARNING * * *
You hit yann's ghost. Your kick misses yann's ghost.
Yann's ghost is heavily damaged.
Yann's ghost hits you!
You die...

#.# #.#
#####.###
#.......#
#.###.#.#
#.#.#
..#)#
#.##.# #.
#@#
#.....W.#
####.####
#


You could see yann's ghost.

Vanquished Creatures
  2 adders (D:2)
  2 worms
  A dart slug (D:1)
  3 leopard geckos
  An orc (D:3)
  2 ball pythons (D:2)
  2 giant cockroaches
  5 goblins
  8 hobgoblins
  3 quokkas
  3 bats
  3 frilled lizards
  7 kobolds
  7 rats
49 creatures vanquished.

Vanquished Creatures (others)
  4 toadstools (D:1)
4 creatures vanquished.

Grand Total: 53 creatures vanquished

Notes
Turn   | Place    | Note
-------+----------+-------------------------------------------
     0 | D:1      | Goboxel the Demonspawn Gladiator began the quest for the Orb.
     0 | D:1      | Reached XP level 1. HP: 16/16 MP: 1/1
   190 | D:1      | Gained mutation: You are partially covered in icy blue scales. (AC +2) [demonic ancestry]
   190 | D:1      | Reached XP level 2. HP: 21/22 MP: 2/2
   886 | D:2      | Gained mutation: You have large cloven feet. [demonic ancestry]
   886 | D:2      | Reached XP level 3. HP: 28/28 MP: 3/3
  1404 | D:2      | Gained mutation: Your flesh is heat resistant. (rF+) [demonic ancestry]
  1404 | D:2      | Reached XP level 4. HP: 33/34 MP: 4/4
  1995 | D:3      | Noticed yann's ghost (amateur MiFi)
  2010 | D:3      | Mangled by yann's ghost

Skill      XL: |  1  2 |
---------------+-------+-----
Long Blades    | 3 |  3.7
Dodging        | 3 |  3.2
Fighting       | |  2.8
Throwing       | |  1.7

Action                   |  1- 3 |  4- 6 || total
-------------------------+-------+-------++-------
Melee: Long sword        |    89 |    37 ||   126
       Kick              |     7 |    14 ||    21
  Use: Potion            |       |     3 ||     3
  Eat: Chunk             |     1 |     3 ||     4
Armor: Leather armour    |    36 |     4 ||    40
Dodge: Dodged            |    88 |    18 ||   106
       Rpst.: Long sword |    29 |     6 ||    35
